 Dungeon Crawl Stone Soup version 0.29-a0-362-g5854e031c7 (webtiles) character file.

Game seed: 3653198198483346369

252 HendSelp the Cudgeller (level 6, -5/66 HPs)
             Began as an Ogre Berserker on Apr 29, 2022.
             Was a Believer of Trog.
             Slain by Eustachio
             ... wielding a +0 falchion
              (7 damage)
             ... on level 4 of the Dungeon.
             The game lasted 00:03:06 (4235 turns).

HendSelp the Cudgeller (Ogre Berserker)             Turns: 4235, Time: 00:03:06

Health: -5/66      AC:  3    Str: 24    XL:     6   Next: 13%
Magic:  6/6        EV: 10    Int:  8    God:    Trog [**....]
Gold:   97         SH:  0    Dex:  8    Spells: 5/5 levels left

rFire   . . .      SeeInvis .   a - +0 mace
rCold   . . .      Faith    .   (no shield)
rNeg    . . .      Spirit   .   b - +0 animal skin
rPois   .          Reflect  .   (helmet restricted)
rElec   .          Harm     .   (no cloak)
rCorr   .          Rampage  .   (gloves unavailable)
Will    +....                   (boots unavailable)
Stlth   +.........              (no amulet)
HPRegen 0.21/turn               h - ring of willpower
MPRegen 0.10/turn               (no ring)

@: on berserk cooldown, slowed, very slow
A: large, unfitting armour, tough skin 1
a: Renounce Religion, Berserk, Trog's Hand


You were on level 4 of the Dungeon.
You worshipped Trog.
Trog was pleased with you.
You visited 2 branches of the dungeon, and saw 5 of its levels.

You collected 97 gold pieces.

Inventory:

Hand Weapons
 a - a +0 mace (weapon)
Armour
 b - a +0 animal skin (worn)
Jewellery
 h - a ring of willpower (left hand)
Scrolls
 i - a scroll of enchant armour
Potions
 c - a potion of resistance {unknown}
 d - a potion of heal wounds {unknown}
 f - a potion of invisibility {unknown}
 k - a potion of haste {unknown}


   Skills:
 + Level 5.3 Fighting
 * Level 5.5 Maces & Flails
 - Level 2.6 Dodging


You had 5 spell levels left.
You didn't know any spells.
Your spell library was empty.

Dungeon Overview and Level Annotations

Branches:
Dungeon (4/15)             Temple (1/1) D:4

Altars:
Dithmenos
Elyvilon
Hepliaklqana
Kikubaaqudgha
Makhleb
Okawaru
Qazlal
Ru
Sif Muna
Trog
Uskayaw
Vehumet
Wu Jian
Xom
Zin

Annotations:
D:4 Eustachio


Innate Abilities, Weirdness & Mutations

You are too large for most types of armour.
You have tough skin. (AC +1)


Message History

The bat closely misses you. The bat barely misses you. x2
The bat hits you but does no damage. Eustachio hits you with a +0 falchion!
* * * LOW HITPOINT WARNING * * *
The bat closely misses you. The rat closely misses you.
Eustachio barely misses you. The rat bites you but does no damage.
Unknown command.
Unknown command.
You sock Eustachio!
Eustachio is moderately wounded.
The bat hits you but does no damage. The bat closely misses you.
The bat hits you but does no damage. The bat closely misses you.
Eustachio barely misses you. The rat bites you.
* * * LOW HITPOINT WARNING * * *
The bat barely misses you. Eustachio barely misses you.
The bat hits you but does no damage. The rat bites you but does no damage.
Unknown command.
Unknown command.
Unknown command.
Unknown command.
Unknown command.
Unknown command.
Unknown command.
Unknown command.
You closely miss Eustachio.
Eustachio is moderately wounded.
The bat barely misses you. The bat closely misses you.
The bat hits you but does no damage. The bat barely misses you.
Eustachio closely misses you. The rat closely misses you.
The bat closely misses you.
Unknown command.
Unknown command.
Unknown command.
Unknown command.
Unknown command.
Unknown command.
You hit Eustachio.
Eustachio is moderately wounded.
The bat hits you but does no damage. The bat barely misses you. x2
The bat hits you but does no damage. Eustachio hits you with a +0 falchion!
You die...

..........# #......#
).........# #......##
..........###..........
............)).....##..
..................# ..
#...............# #
#....b..........#
#....r.b..#######
#...@@....# #...b.....#
#...........
..............
................
........#.##....
######....# ### #....#


You could see Eustachio, 3 bats and a rat (summoned).

Vanquished Creatures
  An iguana (D:4)
  2 orc wizards (D:3)
  Natasha (thrice) (D:2)
  2 adders
  An ufetubus (D:4)
  A worm (D:4)
  4 dart slugs
  7 orcs
  6 bats
  3 endoplasms
  A giant cockroach (D:3)
  5 goblins
  6 hobgoblins
  3 quokkas
  5 ball pythons
  3 frilled lizards
  10 kobolds
  3 rats
66 creatures vanquished.

Notes
Turn   | Place    | Note
-------+----------+-------------------------------------------
     0 | D:1      | HendSelp the Ogre Berserker began the quest for the Orb.
     0 | D:1      | Reached XP level 1. HP: 24/24 MP: 1/1
   358 | D:1      | Reached XP level 2. HP: 28/32 MP: 2/2
   423 | D:1      | Found a faded altar of an unknown god.
  1001 | D:2      | Noticed Natasha
  1012 | D:2      | Killed Natasha
  1013 | D:2      | Reached XP level 3. HP: 40/40 MP: 3/3
  1214 | D:2      | Reached XP level 4. HP: 28/49 MP: 4/4
  1681 | D:2      | Noticed Natasha
  1694 | D:2      | Killed Natasha
  2185 | D:2      | Noticed Natasha
  2193 | D:2      | Killed Natasha
  2194 | D:2      | Reached skill level 5 in Fighting
  2357 | D:3      | Reached XP level 5. HP: 50/57 MP: 5/5
  2902 | D:3      | Reached skill level 5 in Maces & Flails
  3635 | D:4      | Reached ** piety under Trog
  3861 | D:4      | Found a staircase to the Ecumenical Temple.
  3893 | D:4      | Reached XP level 6. HP: 41/66 MP: 6/6
  3915 | Temple   | Entered the Ecumenical Temple
  4199 | D:4      | Noticed Eustachio
  4233 | D:4      | HP: 1/66 [rat[Eustachio] (3)]
  4235 | D:4      | Slain by Eustachio

Illustrated notes

Levels and vault maps discovered:
D:1:      nzn_arrival_settlement, layout_rooms,
          shapermc_ecumenical_altar_mp_urbaneastern
D:2:      layout_basic, uniq_natasha
D:3:      layout_basic, serial_bayou_pond_c, hangedman_decor_points
D:4:      layout_basic, nicolae_overflow_hidden_temple,
          minmay_temple_entry_butterflies, kennysheep_generic_room_15,
          uniq_eustachio, uniq_ijyb
Temple:   regret_index_temple_waves

Skill      XL: |  1  2  3  4  5 |
---------------+----------------+-----
Maces & Flails | 3 4 5 |  5.5
Fighting       | 5 |  5.3
Dodging        | |  2.6

Action                   |  1- 3 |  4- 6 || total
-------------------------+-------+-------++-------
Melee: Mace              |    74 |   173 ||   247
       Punch             |     1 |     1 ||     2
Invok: Berserk           |     2 |     2 ||     4
  Use: Scroll            |     1 |     2 ||     3
       Potion            |       |     2 ||     2
Armor: Animal skin       |    31 |    55 ||    86
Dodge: Dodged            |    43 |   115 ||   158

Table legend: (Time is in decaauts)
 A = Elapsed time spent in this place.
 B = Non-inter-level travel time spent in this place.
 C = Inter-level travel time spent in this place.
 D = Time resting spent in this place.
 E = Time spent auto-exploring this place.
 F = Levels seen in this place.
 G = Mean time per level.
                   A        B        C        D        E       F      G
               +--------+--------+--------+--------+--------+-----+--------+
         Total |   4323 |   4223 |    100 |    469 |   3217 |   5 |  864.6 |
       Dungeon |   4098 |   4028 |     70 |    469 |   3031 |   4 | 1024.5 |
        Temple |    224 |    195 |     29 |      0 |    186 |   1 |  224.0 |
               +--------+--------+--------+--------+--------+-----+--------+

Top non-repeatable levels by time:
     D:2: 1564 daAuts
     D:3: 1326 daAuts
     D:1: 819 daAuts
     D:4: 388 daAuts
  Temple: 224 daAuts
